 Dungeon Crawl Stone Soup version 0.19.5 (webtiles) character file.

2633 Inarius the Blocker (level 9, -1/70 HPs)
             Began as a Minotaur Fighter on Apr 17, 2017.
             Was a Believer of Makhleb.
             Splashed by a jelly's acid (10 damage)
             ... on level 7 of the Dungeon on Apr 18, 2017.
             The game lasted 00:21:15 (5581 turns).

Inarius the Blocker (Minotaur Fighter)              Turns: 5581, Time: 00:21:18

Health: -1/70      AC: -2    Str: 21    XL:     9   Next: 35%
Magic:  8/8        EV:  6    Int:  4    God:    Makhleb [**....]
Gold:   390        SH: 14    Dex: 12    Spells: 0 memorised, 8 levels left

rFire  . . .     SeeInvis .     e - +0 short sword (flame)
rCold  . . .     Gourm    .     k - +0 plate armour
rNeg   . . .     Faith    .     c - +0 shield
rPois  +         Spirit   .     (helmet restricted)
rElec  .         Reflect  +     (no cloak)
rCorr  .         Harm     .     (no gloves)
MR     +....                    A - +0 pair of boots
Stlth  ..........               L - +3 amulet of reflection
                                z - +3 ring of protection
                                D - ring of protection from magic

@: corroded
A: retaliatory headbutt, horns 2, blurry vision 1, dopey 1, frail 1, poison
resistance
a: Minor Destruction, Renounce Religion


You were on level 7 of the Dungeon.
You worshipped Makhleb.
Makhleb was pleased with you.
You were not hungry.

You visited 1 branch of the dungeon, and saw 7 of its levels.

You collected 390 gold pieces.

Inventory:

Hand Weapons
 a - a +0 long sword
 e - a +0 short sword of flaming (weapon)
Missiles
 F - 6 tomahawks
 J - a javelin (quivered)
Armour
 c - a +0 shield (worn)
 k - a +0 plate armour (worn)
 A - a +0 pair of boots (worn)
Jewellery
 z - a +3 ring of protection (right hand)
 D - a ring of protection from magic (left hand)
 L - a +3 amulet of reflection (around neck)
Wands
 g - a wand of paralysis (21/24)
 I - a wand of acid (5/15)
Scrolls
 h - a scroll of noise {unknown}
 i - 5 scrolls of enchant armour {unknown}
 l - 2 scrolls of fog {unknown}
 o - a scroll of remove curse
 q - a scroll of enchant weapon {unknown}
 t - 3 scrolls of amnesia {unknown}
 v - a scroll of fear {unknown}
 w - a scroll of blinking {unknown}
 B - 4 scrolls of teleportation
 C - 2 scrolls of recharging
Potions
 d - 2 potions of might
 j - a potion of resistance
 m - 3 potions of curing
 n - 3 potions of flight
 p - a potion of cancellation
 u - a potion of haste
 E - a potion of agility {unknown}
 K - a potion of beneficial mutation {unknown}
Comestibles
 b - 8 fruits
 f - 3 bread rations
 r - 6 meat rations
 s - a royal jelly
 x - 3 beef jerkies
 G - 6 chunks of flesh


   Skills:
 + Level 6.4 Fighting
 + Level 7.3(7.5) Short Blades
 + Level 2.8(5.8) Long Blades
 + Level 3.9 Throwing
 + Level 7.6 Armour
 + Level 1.8 Dodging
 + Level 0.8 Stealth
 + Level 8.6 Shields


You had 8 spell levels left.
You didn't know any spells.

Dungeon Overview and Level Annotations

Branches:
Dungeon (7/15)
 Temple: D:4-7

Altars:
Dithmenos
Elyvilon
Makhleb
Okawaru
Sif Muna
Trog
Vehumet
Xom
Yredelemnul


Innate Abilities, Weirdness & Mutations

You reflexively headbutt those who attack you in melee.
You have a pair of horns on your head.
Scrolls take you a little longer to read.
You are dopey. (Int -2)
You are frail. (-10% HP)
Your system is resistant to poisons. (rPois)


Message History

You hit the jelly but do no damage.
Your hands burn!
The jelly is severely wounded.
You hit the jelly but do no damage. The acid corrodes you!
Your hands burn!
The jelly is severely wounded.
You block the jelly's attack.
You hit the jelly but do no damage. The acid corrodes you!
Your hands burn!
* * * LOW HITPOINT WARNING * * *
The jelly is severely wounded.
You block the jelly's attack.
You hit the jelly but do no damage.
Your hands burn!
* * * LOW HITPOINT WARNING * * *
The jelly is severely wounded.
You block the jelly's attack.
You hit the jelly but do no damage.
Your hands burn!
* * * LOW HITPOINT WARNING * * *
The jelly is severely wounded.
The jelly hits you.
* * * LOW HITPOINT WARNING * * *
The acid corrodes you!
You are splashed with acid!
The acid burns!
You die...

.. ####### ... ####
...#.# .$..### #..
...#.. ....... #.#
#....#
.......###.####...#
...(.......##.....#
.....###......##..#
##. ##......#<<#
#.@##......#
#>J###.#....####
#(# #..#.......# #.
#..#.##.##..# %.
#.......# ...
..............# #.
####.#..#......#
#...<#....#.# ..[.
######.#


You could see a jelly.

Vanquished Creatures
  Prince Ribbit (D:5)
  6 yaks (D:7)
  Menkaure (D:3)
  A sky beast (D:5)
  A phantom (D:4)
  3 ogres
  A centaur (D:5)
  2 bullfrogs
  A wyvern skeleton (D:6)
  A water moccasin skeleton (D:5)
  3 scorpions
  A howler monkey (D:6)
  2 hounds (D:4)
  A quasit (D:7)
  An orc priest (D:5)
  An iguana (D:5)
  An orc wizard (D:4)
  4 worker ants
  A hound skeleton (D:5)
  4 gnolls
  A howler monkey skeleton (D:4)
  11 adders
  A shadow imp (D:6)
  2 oozes
  2 adder zombies (D:5)
  5 worms
  4 dart slugs
  2 leopard geckos
  16 orcs
  2 ball pythons
  3 giant cockroaches
  3 goblins
  6 hobgoblins
  9 jackals
  7 quokkas
  7 bats
  9 frilled lizards
  8 kobolds
  A quokka skeleton (D:4)
  5 rats
  A spectral orc (D:6)
142 creatures vanquished.

Notes
Turn   | Place    | Note
-------+----------+-------------------------------------------
     0 | D:1      | Inarius the Minotaur Fighter began the quest for the Orb.
     0 | D:1      | Reached XP level 1. HP: 19/19 MP: 0/0
   196 | D:1      | Reached XP level 2. HP: 27/27 MP: 1/1
   741 | D:1      | Reached skill level 4 in Shields
   741 | D:1      | Reached XP level 3. HP: 33/33 MP: 2/2
  1308 | D:2      | Reached skill level 1 in Short Blades
  1562 | D:2      | Reached XP level 4. HP: 41/41 MP: 3/3
  1667 | D:2      | Found a shimmering altar of Xom.
  2112 | D:3      | Reached XP level 5. HP: 25/47 MP: 4/4
  2400 | D:3      | Found an iron altar of Okawaru.
  2401 | D:3      | Found a shadowy altar of Dithmenos.
  2713 | D:4      | Noticed Menkaure
  2719 | D:4      | Noticed an ogre
  2738 | D:3      | Killed an ogre
  2738 | D:3      | Reached skill level 5 in Armour
  2738 | D:3      | Reached XP level 6. HP: 7/53 MP: 5/5
  2748 | D:3      | Killed Menkaure
  2748 | D:3      | Reached skill level 5 in Shields
  2807 | D:4      | Found a burning altar of Makhleb.
  2832 | D:4      | Became a worshipper of Makhleb the Destroyer
  2942 | D:4      | Reached skill level 1 in Dodging
  3067 | D:4      | Reached skill level 5 in Fighting
  3067 | D:4      | Reached XP level 7. HP: 57/61 MP: 6/6
  3224 | D:4      | Reached skill level 5 in Short Blades
  3635 | D:5      | Entered Level 5 of the Dungeon
  3635 | D:5      | Found a radiant altar of Vehumet.
  3794 | D:5      | Noticed Prince Ribbit
  3795 | D:5      | Reached * piety under Makhleb
  4013 | D:5      | Reached skill level 1 in Throwing
  4018 | D:5      | Gained mutation: You are frail. (-10% HP) [mutagenic meat]
  4019 | D:5      | Gained mutation: You possess an exceptional clarity of mind. [mutagenic meat]
  4020 | D:5      | Lost mutation: You possess an exceptional clarity of mind. [mutagenic meat]
  4021 | D:5      | Gained mutation: You are dopey. (Int -2) [mutagenic meat]
  4145 | D:5      | Reached skill level 6 in Shields
  4281 | D:5      | Found a deep blue altar of Sif Muna.
  4330 | D:5      | Reached XP level 8. HP: 61/61 MP: 7/7
  4708 | D:5      | Killed Prince Ribbit
  4843 | D:5      | Found a white marble altar of Elyvilon.
  4882 | D:5      | Reached skill level 7 in Shields
  4996 | D:6      | Reached ** piety under Makhleb
  5086 | D:6      | Found a bloodstained altar of Trog.
  5109 | D:6      | Gained mutation: Scrolls take you a little longer to read. [potion of mutation]
  5109 | D:6      | Gained mutation: Your system is resistant to poisons. (rPois) [potion of mutation]
  5161 | D:6      | Found a basalt altar of Yredelemnul.
  5477 | D:7      | Reached XP level 9. HP: 61/67 MP: 8/8
  5490 | D:7      | Reached skill level 8 in Shields
  5581 | D:7      | Splashed by a jelly's acid

Skill      XL: |  1  2  3  4  5  6  7  8  9 |
---------------+----------------------------+-----
Fighting       | 4 5 6 |  6.4
Armour         | 4 5 6 7 |  7.6
Shields        | 4 5 6 7 8 |  8.6
Short Blades   | 1 2 3 4 5 6 7 |  7.3
Dodging        | 1 |  1.8
Throwing       | 2 3 |  3.9
Long Blades    | |  2.8
Stealth        | |  0.8

Action                   |  1- 3 |  4- 6 |  7- 9 || total
-------------------------+-------+-------+-------++-------
Melee: Short sword       |   100 |   147 |   292 ||   539
       Headbutt          |    19 |    21 |    73 ||   113
Throw: Javelin           |       |     4 |    32 ||    36
       Tomahawk          |       |       |    29 ||    29
  Use: Scroll            |       |     6 |     5 ||    11
       Potion            |       |     3 |     1 ||     4
  Eat: Chunk             |     2 |     4 |    12 ||    18
       Pizza             |       |     1 |       ||     1
Armor: Scale mail        |     4 |       |       ||     4
       Plate armour      |    43 |    81 |   122 ||   246
Dodge: Dodged            |    11 |    26 |    28 ||    65
Block: Shield            |    56 |    79 |   160 ||   295
